 Dungeon Crawl Stone Soup version 0.31-a0-185-g9dded2c639 (webtiles) character file.

Game seed: 12640668959956763761

471 qw the Skirmisher (level 6, -3/35 HPs)
             Began as a Deep Elf Hunter on June 22, 2023.
             Was an Initiate of Okawaru.
             Slain by an ogre
             ... wielding a +0 giant spiked club
              (12 damage)
             ... on level 4 of the Dungeon.
             The game lasted 00:01:08 (2736 turns).

qw the Skirmisher (Deep Elf Hunter)                 Turns: 2736, Time: 00:01:08

Health: -3/35      AC:  6    Str: 10    XL:     6   Next: 83%
Magic:  8/8        EV:  9    Int: 14    God:    Okawaru [......]
Gold:   124        SH:  0    Dex: 18    Spells: 5/5 levels left

rFire   . . .        Y - +0 shortbow (drain)
rCold   . . .        (shield currently unavailable)
rNeg    . . .        f - +0 scale mail
rPois   .            (no helmet)
rElec   .            (no cloak)
rCorr   +            (no gloves)
SInv    .            (no boots)
Will    .....        (no amulet)
Stlth   +            j - ring of resist corrosion
HPRegen 0.25/turn    (no ring)
MPRegen 0.11/turn

%: no passive effects
@: no status effects
A: no striking features
a: Renounce Religion


You were on level 4 of the Dungeon.
You worshipped Okawaru.
Okawaru was noncommittal.
You visited 2 branches of the dungeon, and saw 6 of its levels.

You collected 124 gold pieces.


   Skills:
 - Level 2.0 Fighting
 + Level 10.1 Ranged Weapons
 - Level 1.8 Armour
 - Level 2.4 Dodging
 - Level 1.2 Stealth


You had 5 spell levels left.
You didn't know any spells.
Your spell library was empty.

Inventory:

Hand Weapons
 Y - a +0 shortbow of draining (weapon)
Armour
 f - a +0 scale mail (worn)
Jewellery
 j - a ring of resist corrosion (left hand)
Scrolls
 d - a scroll of teleportation
Potions
 a - a potion of might {unknown}
 e - a potion of cancellation {unknown}
 g - a potion of haste {unknown}
 h - a potion of attraction {unknown}
 i - a potion of curing {unknown}
 k - a potion of degeneration {unknown}

Dungeon Overview and Level Annotations

Branches:
Dungeon (5/15)             Temple (1/1) D:4

Altars:
Dithmenos
Elyvilon
Fedhas
Gozag
Hepliaklqana
Makhleb
Nemelex Xobeh
Okawaru
Qazlal
Ru
Sif Muna
Uskayaw
Vehumet
Wu Jian
Xom
Yredelemnul
Zin


Message History

You start resting.
Your transformation is almost over.
HP restored.
You feel less wooden.
Your +0 scale mail unmelds from your body.
Done exploring.
2718 ||| DROPPING 2 potions of lignification.
You drop 2 potions of lignification.
Done exploring.
(D) Dungeon (T) Temple
Where to? (* - list waypoints, Enter - D:4, ? - help)
What level of the Dungeon? (default 1, ? - help)
There is a stone staircase leading down here.
You climb downwards.
The ogre shouts!
Found two stone staircases leading down.
There is a stone staircase leading up here.
There are monsters nearby!
Waypoint 5 assigned to D:5.
You shoot an arrow. The arrow hits the ogre.
The ogre is lightly wounded.
You shoot an arrow. The arrow hits the ogre.
You drain the ogre.
The ogre is moderately wounded.
You shoot an arrow. The arrow closely misses the ogre.
The arrow closely misses the quokka.
The ogre hits you with a +0 giant spiked club.
2731 ||| STAIRDANCE You climb upwards.
There is a stone staircase leading down here.
You shoot an arrow. The arrow hits the ogre!
The ogre is heavily wounded.
The ogre closely misses you.
You shoot an arrow. The arrow hits the ogre.
The ogre is severely wounded.
The ogre hits you with a +0 giant spiked club!
You shoot an arrow. The arrow barely misses the ogre.
The ogre hits you with a +0 giant spiked club!
You shoot an arrow. The arrow hits the ogre.
The ogre is severely wounded.
The ogre hits you with a +0 giant spiked club!
You die...

.## ##.# #.....# #<#
#.###.## #.....# #.#
##...## #.....# #.#
##...## #.....# ##.#
#.###.## #.....# #..#
.## ##.# ####### #.## .#
#.####### #.# .##
##.......##### #.#
#.###.#.###....O@# #.#
##...##.###..###.#####.#
##...#.#.............!#
#.......#..###.#######
#...#.###..###.#
#####..........#
############


You could see an ogre (drained).

Vanquished Creatures
  Sigmund (D:3)
  A black bear (D:4)
  A howler monkey (D:4)
  A sleepcap (D:4)
  Jessica (D:2)
  3 gnolls
  3 adders
  An ufetubus (D:4)
  A worm (D:2)
  A dart slug (D:1)
  5 ball pythons
  2 endoplasms (D:1)
  5 giant cockroaches
  6 goblins
  8 hobgoblins
  3 jackals (D:3)
  4 quokkas
  5 bats
  3 frilled lizards
  6 kobolds
  5 rats
66 creatures vanquished.

Notes
Turn   | Place    | Note
-------+----------+-------------------------------------------
     0 | D:1      | qw the Deep Elf Hunter began the quest for the Orb.
     0 | D:1      | Reached XP level 1. HP: 12/12 MP: 3/3
     0 | D:1      | 0 ||| qw: Version: 0.3-a-9-g12657ce
     0 | D:1      | 0 ||| qw: Game counter: 1665
     0 | D:1      | 0 ||| qw: Always use a shield: true
     0 | D:1      | 0 ||| qw: God list: Okawaru
     0 | D:1      | 0 ||| qw: Allow faded altars: false
     0 | D:1      | 0 ||| qw: Do Orc after D:15 true
     0 | D:1      | 0 ||| qw: Do second Lair branch before Depths: true
     0 | D:1      | 0 ||| qw: Lair rune preference: random
     0 | D:1      | 0 ||| qw: Plans: Normal
     0 | D:1      | 0 ||| PLANNING D:1-11
    26 | D:1      | 26 ||| FLEEEEING.
    27 | D:1      | 27 ||| FLEEEEING.
    29 | D:1      | 29 ||| FLEEEEING.
    56 | D:1      | Reached XP level 2. HP: 14/16 MP: 4/4
    89 | D:1      | Found a faded altar of an unknown god.
   123 | D:1      | Reached skill level 6 in Ranged Weapons
   318 | D:1      | 318 ||| FLEEEEING.
   319 | D:1      | 319 ||| FLEEEEING.
   320 | D:1      | 320 ||| FLEEEEING.
   495 | D:1      | 495 ||| UPGRADING to +0 scale mail.
   505 | D:1      | 505 ||| DROPPING +0 leather armour.
   506 | D:1      | 506 ||| READING scroll labelled LAOTHR ROACA.
   507 | D:1      | 507 ||| READING scroll labelled IRACLAXOIXT.
   512 | D:1      | 512 ||| READING scroll labelled NUFRATR BOPH.
   513 | D:1      | 513 ||| DROPPING scroll of butterflies.
   588 | D:2      | Reached XP level 3. HP: 19/20 MP: 5/5
   803 | D:2      | Reached skill level 7 in Ranged Weapons
   815 | D:2      | 815 ||| FLEEEEING.
   816 | D:2      | 816 ||| FLEEEEING.
   817 | D:2      | 817 ||| FLEEEEING.
   852 | D:2      | Noticed Jessica
   854 | D:2      | Killed Jessica
   855 | D:2      | Reached XP level 4. HP: 25/25 MP: 6/6
   972 | D:2      | 972 ||| READING scroll labelled WYODUN IQOLOAC.
   973 | D:2      | 973 ||| READING scroll labelled CONLOMOCECU.
   974 | D:2      | 974 ||| READING scroll labelled IWICWITWEL.
   986 | D:3      | 986 ||| STAIRDANCE
   999 | D:3      | 999 ||| STAIRDANCE
  1047 | D:3      | 1047 ||| STAIRDANCE
  1067 | D:3      | 1067 ||| STAIRDANCE
  1109 | D:3      | 1109 ||| STAIRDANCE
  1114 | D:2      | Reached skill level 8 in Ranged Weapons
  1333 | D:3      | Noticed Sigmund
  1334 | D:3      | 1334 ||| FLEEEEING.
  1335 | D:3      | 1335 ||| FLEEEEING.
  1336 | D:3      | 1336 ||| FLEEEEING.
  1350 | D:3      | Killed Sigmund
  1351 | D:3      | Reached skill level 9 in Ranged Weapons
  1351 | D:3      | Reached XP level 5. HP: 28/29 MP: 7/7
  1351 | D:3      | Reached XP level 6. HP: 33/34 MP: 8/8
  2018 | D:3      | 2018 ||| DROPPING amulet of magic regeneration.
  2019 | D:3      | 2019 ||| READING scroll labelled VEEKA YTOILIUBUQ.
  2164 | D:4      | Found a staircase to the Ecumenical Temple.
  2165 | D:4      | 2165 ||| PLANNING TEMPLE
  2173 | Temple   | Entered the Ecumenical Temple
  2173 | Temple   | Found a transporter.
  2173 | Temple   | Found a transporter.
  2175 | Temple   | Found a transporter.
  2175 | Temple   | Found a transporter.
  2185 | Temple   | 2185 ||| PLANNING D:1-11
  2188 | Temple   | 2188 ||| PLANNING OKAWARU WORSHIP
  2194 | Temple   | Became a worshipper of Warmaster Okawaru
  2195 | Temple   | 2195 ||| PLANNING D:1-11
  2302 | D:4      | Reached skill level 1 in Armour
  2488 | D:4      | Reached skill level 10 in Ranged Weapons
  2690 | D:4      | 2690 ||| UPGRADING to ring of resist corrosion.
  2691 | D:4      | 2691 ||| READING scroll labelled DIGEOH ZAOQ.
  2692 | D:4      | 2692 ||| DRINKING 3 bubbling orange potions.
  2718 | D:4      | 2718 ||| DROPPING 2 potions of lignification.
  2727 | D:5      | Entered Level 5 of the Dungeon
  2731 | D:5      | 2731 ||| STAIRDANCE
  2736 | D:4      | Slain by an ogre

Levels and vault maps discovered:
D:1:      amcnicky_arrival_underground_garden, layout_basic,
          basic_ecumenical_altar
D:2:      layout_rooms, hex_medium, uniq_jessica
D:3:      minmay_skewed_foursquare, layout_basic, nicolae_hexahallways,
          uniq_sigmund
D:4:      layout_loops_cross, minmay_temple_entry_ruins
D:5:      layout_cave_pools, bloody_trog, kennysheep_cluttered_room,
          moated_statue
Temple:   hellmonk_temple_divided_pantheon

Skill      XL: |  1  2  3  4  5  6 |
---------------+-------------------+-----
Ranged Weapons | 6 7 9 10 | 10.1
Fighting       | 2 |  2.0
Armour         | 1 |  1.8
Dodging        | |  2.4
Stealth        | |  1.2

Action                     |  1- 3 |  4- 6 || total
---------------------------+-------+-------++-------
   Fire: Shortbow          |   106 |    99 ||   205
    Use: Scroll            |     3 |     5 ||     8
         Potion            |       |     1 ||     1
 Armour: Leather armour    |     2 |       ||     2
         Scale mail        |    12 |    18 ||    30
  Dodge: Dodged            |    12 |    38 ||    50

Table legend:
 A = Non-vault XP
 B = Vault XP
 C = Vault XP percentage of total XP
 D = Non-vault monster count
 E = Vault monster count
 F = Vault count percentage of total count
                 A         B        C        D         E       F
            +---------+---------+-------+---------+---------+-------
      Total |     404 |     269 |  40.0 |      60 |       6 |   9.1
            +---------+---------+-------+---------+---------+-------
        D:1 |      31 |       0 |   0.0 |      18 |       0 |   0.0
        D:2 |      65 |      37 |  36.3 |      21 |       1 |   4.5
        D:3 |      46 |     232 |  83.5 |      12 |       5 |  29.4
        D:4 |     262 |       0 |   0.0 |       9 |       0 |   0.0
            +---------+---------+-------+---------+---------+-------
